 Dungeon Crawl Stone Soup version 0.30.0-18-gc0e69614cb (webtiles) character file.

Game seed: 10843228582842361904

285 Cheops the Digger (level 6, 0/48 HPs)
             Began as an Armataur Earth Elementalist on May 25, 2023.
             Slain by Pikel
             ... wielding a +1 whip of freezing
              (6 damage)
             ... on level 4 of the Dungeon.
             The game lasted 00:14:27 (4345 turns).

Cheops the Digger (Armataur Earth Elementalist)     Turns: 4345, Time: 00:14:27

Health: 0/48       AC:  6    Str: 13    XL:     6   Next: 7%
Magic:  1/8        EV:  9    Int: 19    God:
Gold:   219        SH:  0    Dex: 11    Spells: 2/8 levels left

rFire   . . .        a - +7 spear "Gosahaeck" {pain, Int+2}
rCold   . . .        (no shield)
rNeg    . . .        h - +0 robe
rPois   .            r - +0 helmet
rElec   .            (no cloak)
rCorr   .            u - +0 pair of gloves
SInv    .            (no barding)
Will    +....        (no amulet)
Stlth   +++          f - ring of willpower
HPRegen 0.28/turn    (no ring)
MPRegen 0.11/turn

%: roll
@: no status effects
A: large, rugged brown scales 3, deformed body, armoured tail, roll, long
tongue, awkward tongue
a: no special abilities


You were on level 4 of the Dungeon.
You visited 1 branch of the dungeon, and saw 4 of its levels.

You collected 219 gold pieces.

Inventory:

Hand Weapons
 a - the +7 spear "Gosahaeck" (weapon) {pain, Int+2}
   (You found it on level 2 of the Dungeon)

   Int:       It affects your intelligence (+2).
 n - the +5 spear "Orb Guardian's Doom" {pain, Int+4}
   (You took it off a kobold on level 2 of the Dungeon)

   Int:       It affects your intelligence (+4).
 o - a +0 dagger
Armour
 h - a +0 robe (worn)
 r - a +0 helmet (worn)
 u - a +0 pair of gloves (worn)
Jewellery
 f - a ring of willpower (left hand)
Scrolls
 c - 2 scrolls of fog {unknown}
 g - 3 scrolls of identify {unknown}
 j - 2 scrolls of amnesia {unknown}
 k - a scroll of magic mapping {unknown}
 l - 2 scrolls of fear {unknown}
 m - a scroll of teleportation {unknown}
 p - 2 scrolls of butterflies {unknown}
 t - a scroll of immolation {unknown}
 v - a scroll of poison {unknown}
 w - a scroll of vulnerability {unknown}
 x - a scroll of blinking {unknown}
Potions
 b - a potion of magic
 d - a potion of heal wounds {unknown}
 e - 2 potions of degeneration {unknown}
 i - 2 potions of lignification {unknown}
 q - 4 potions of curing {unknown}
 s - a potion of berserk rage {unknown}


   Skills:
 - Level 1.3 Dodging
 + Level 4.5 Stealth
 - Level 1.7 Spellcasting
 * Level 1.7 Conjurations
 - Level 0.8 Transmutations
 - Level 5.0 Earth Magic


You had 2 spell levels left.
You knew the following spells:

 Your Spells              Type           Power      Damage    Failure   Level
a - Sandblast             Erth           40%        2d10      2%          1
b - Stone Arrow           Conj/Erth      28%        3d8       13%         3
P - Passwall              Tmut/Erth      10%        N/A       8%          2

Your spell library contained the following spells:

 Spells                   Type           Power      Damage    Failure   Level
 Petrify                  Tmut/Erth      12%        N/A       45%         4


Dungeon Overview and Level Annotations

Branches:
Dungeon (4/15)
 Temple: D:4-7

Altars:
Dithmenos

Annotations:
D:4 Pikel


Innate Abilities, Weirdness & Mutations

You are completely covered in rugged brown scales. (AC +3, +7% HP)
Armour fits poorly on your strangely shaped body.
You have a long armoured tail.
You roll when moving toward enemies. (Rampage)
Your long tongue fully drains potion bottles. (2x potion effects)
Your tongue gives you trouble enunciating. (1.5x scroll delay)


Message History

Press: ? - help, Shift-Dir - straight line, f/p - Pikel
Aim: Pikel, wielding a +1 whip of freezing and wearing a +0 robe (moderately wounded, 79% to hit)
The blast of sand hits Pikel.
Pikel is moderately wounded.
Pikel hits you with a +1 whip of freezing.
* * * LOW HITPOINT WARNING * * *
Pikel freezes you.
* * * LOW HITPOINT WARNING * * *
Casting: Sandblast (safe; 2% risk of failure)
Confirm with . or Enter, or press ? or * to list all spells.
Aiming: Sandblast (safe; 2% risk of failure)
Press: ? - help, Shift-Dir - straight line, f/p - Pikel
Aim: Pikel, wielding a +1 whip of freezing and wearing a +0 robe (moderately wounded, 79% to hit)
The blast of sand hits Pikel.
Pikel is heavily wounded.
Pikel says, "You'll make a fine lemure."
Pikel hits you but does no damage. The lemure closely misses you.
Pikel hits you with a +1 whip of freezing.
* * * LOW HITPOINT WARNING * * *
Pikel freezes you.
* * * LOW HITPOINT WARNING * * *
The lemure hits you.
* * * LOW HITPOINT WARNING * * *
Casting: Sandblast (safe; 2% risk of failure)
Confirm with . or Enter, or press ? or * to list all spells.
Aiming: Sandblast (safe; 2% risk of failure)
Press: ? - help, Shift-Dir - straight line, f/p - Pikel
Aim: Pikel, wielding a +1 whip of freezing and wearing a +0 robe (heavily wounded, 79% to hit)
The blast of sand hits Pikel but does no damage.
Pikel is heavily wounded.
Pikel hits you with a +1 whip of freezing!
* * * LOW HITPOINT WARNING * * *
Pikel freezes you.
* * * LOW HITPOINT WARNING * * *
The lemure closely misses you.
You hit Pikel.
Pikel is heavily wounded.
Pikel says, "Hell isn't that bad."
Pikel hits you with a +1 whip of freezing.
You die...

######.##..#..............#....##
...........#..............#....'.
...........#.....####.....#....#.
...........#.....# #.....#....##
...........#.....# #.....#....##
...........#.....# #.....#######
....##.....#.....####...........#
######.....#.......#######......#
o...#......'...K@..#....>'.......
5o).#......#...5...#.....#.......
#...##.....#....5..#.....#.......
#...##.....#.......#.....#.......
.......5...#.......#######.......
...........####'##...............
...........#.....#...............
...........#.....#....)...###+###
#..........#.....'....)...#....#.


You could see Pikel and 2 lemures.

Vanquished Creatures
  2 lemures (D:4)
  A howler monkey (D:4)
  2 hounds (D:4)
  An iguana (D:4)
  Robin (D:3)
  6 adders
  A worm (D:4)
  2 dart slugs
  3 orcs
  4 endoplasms
  5 giant cockroaches
  19 goblins
  7 hobgoblins
  9 kobolds
  A quokka (D:4)
  10 ball pythons
  8 bats
  2 frilled lizards
  5 rats
89 creatures vanquished.

Notes
Turn   | Place    | Note
-------+----------+-------------------------------------------
     0 | D:1      | Cheops the Armataur Earth Elementalist began the quest for
                  | the Orb.
     0 | D:1      | Reached XP level 1. HP: 14/14 MP: 3/3
   109 | D:1      | Reached skill level 3 in Earth Magic
   116 | D:1      | Reached XP level 2. HP: 17/21 MP: 0/4
   814 | D:1      | Reached XP level 3. HP: 27/27 MP: 3/5
   903 | D:1      | Learned a level 2 spell: Passwall
  1276 | D:2      | Found a faded altar of an unknown god.
  1331 | D:2      | Identified the +5 spear "Orb Guardian's Doom" {pain, Int+4}
  1371 | D:2      | Identified the +7 spear "Gosahaeck" {pain, Int+2}
  1554 | D:2      | Reached skill level 4 in Earth Magic
  1554 | D:2      | Reached XP level 4. HP: 34/35 MP: 6/6
  1579 | D:2      | You fall into a shaft and drop 1 floor!
  2200 | D:3      | Noticed Robin
  2209 | D:3      | Killed Robin
  3195 | D:4      | Found a shadowy altar of Dithmenos.
  3242 | D:3      | Reached XP level 5. HP: 40/40 MP: 7/7
  3265 | D:4      | Learned a level 3 spell: Stone Arrow
  3653 | D:4      | Reached skill level 1 in Conjurations
  3653 | D:4      | Reached skill level 5 in Earth Magic
  3925 | D:4      | Noticed a lemure
  3925 | D:4      | Noticed a lemure
  3926 | D:4      | Noticed a lemure
  3926 | D:4      | Noticed a lemure
  3928 | D:4      | Noticed Pikel
  4167 | D:4      | Reached XP level 6. HP: 43/48 MP: 5/8
  4345 | D:4      | Slain by Pikel

Illustrated notes

Levels and vault maps discovered:
D:1:      amcnicky_arrival_single_pillar, layout_loops_ring
D:2:      layout_rooms, ebering_ecumenical_altar_sacrificial,
          supply_closet_lemuel
D:3:      layout_basic, uniq_robin
D:4:      layout_gridville, lemuel_crystal_altar,
          nicolae_concentric_dashed_squares_mild, uniq_pikel

Skill      XL: |  1  2  3  4  5 |
---------------+----------------+-----
Earth Magic    | 3 4 5 |  5.0
Stealth        | 3 4 |  4.5
Conjurations   | 1 |  1.7
Dodging        | |  1.3
Spellcasting   | |  1.7
Transmutations | |  0.8

Action                     |  1- 3 |  4- 6 || total
---------------------------+-------+-------++-------
  Melee: Unarmed           |    19 |       ||    19
         Tailslap          |     5 |     2 ||     7
         Dagger            |     6 |       ||     6
         Spear             |     6 |    25 ||    31
   Cast: Sandblast         |    53 |    81 ||   134
         Passwall          |       |     4 ||     4
   Stab: Sleeping          |       |     1 ||     1
 Armour: Robe              |    24 |    11 ||    35
  Dodge: Dodged            |    22 |    30 ||    52
